 Dungeon Crawl Stone Soup version 0.24.0-1-gfbc8707 (webtiles) character file.

Game seed: 8092371698673639817, levelgen mode: deterministic

319 Buxparty the Chopper (level 6, -3/47 HPs)
             Began as a Mummy Gladiator on Jan 3, 2020.
             Killed by divine providence
             ... invoked by an orc priest
              (10 damage)
             ... on level 4 of the Dungeon.
             The game lasted 00:13:16 (4515 turns).

Buxparty the Chopper (Mummy Gladiator)              Turns: 4515, Time: 00:13:17

Health: -3/47      AC:  7    Str: 19    XL:     6   Next: 21%
Magic:  6/6        EV: 12    Int:  8    God:
Gold:   151        SH:  0    Dex: 13    Spells: 5/5 levels left

rFire    x . .     SeeInvis .   q - +2 short sword (protect)
rCold    + . .     Gourm    .   (no shield)
rNeg     + + +     Faith    .   p - +0 ring mail
rPois    ∞         Spirit   .   c - +0 helmet
rElec    .         Reflect  .   i - +0 cloak
rCorr    .         Harm     .   (no gloves)
MR       .....                  (no boots)
Stlth    +.........             (no amulet)
HPRegen  0.15/turn              (no ring)
MPRegen  0.10/turn              (no ring)

@: no status effects
A: no food or potions, fire vulnerability, cold resistance 1, negative energy
resistance 3, torment resistance, unbreathing
a: no special abilities


You were on level 4 of the Dungeon.
You were not hungry.

You visited 1 branch of the dungeon, and saw 4 of its levels.

You collected 151 gold pieces.

Inventory:

Hand Weapons
 a - a +0 war axe
 q - a +2 short sword of protection (weapon)
 r - a +2 short sword of electrocution
Missiles
 d - 3 throwing nets (quivered)
 j - 6 silver javelins
 m - 9 poisoned darts
 n - 8 javelins
Armour
 b - a +0 leather armour
 c - a +0 helmet (worn)
 e - a +0 robe of fire resistance
 i - a +0 cloak (worn)
 p - a +0 ring mail (worn)
Jewellery
 l - an uncursed ring of protection from cold {unknown}
 s - an uncursed ring of protection from cold {unknown}
Scrolls
 f - 11 scrolls of identify {unknown}
 g - 2 scrolls of remove curse
 h - 2 scrolls of teleportation {unknown}
 k - 3 scrolls of amnesia {unknown}
 o - a scroll of immolation {unknown}


   Skills:
 + Level 3.4 Fighting
 + Level 1.6 Short Blades
 - Level 3.8 Axes
 - Level 1.7 Throwing
 + Level 3.6 Dodging
 - Level 0.2 Stealth


You had 5 spell levels left.
You didn't know any spells.
Your spell library was empty.

Dungeon Overview and Level Annotations

Branches:
Dungeon (4/15)
 Temple: D:4-7

Altars:
Elyvilon
Nemelex Xobeh
Ru

Annotations:
D:3 2 transporters, roastedseaweed's ghost, amateur MfIE


Innate Abilities, Weirdness & Mutations

You do not eat or drink.
Your flesh is vulnerable to fire.
You are immune to poison.
Your flesh is cold resistant. (rC+)
You are immune to negative energy. (rN+++)
You are immune to unholy pain and torment.
You can survive without breathing.


Message History

The orc priest is severely wounded.
The orc priest misses you. The orc misses you.
You hit the orc priest but do no damage.
The orc priest is severely wounded.
The orc priest barely misses you. The orc closely misses you.
You barely miss the orc priest.
The orc priest is severely wounded.
The orc priest invokes the aid of Beogh against you.
Beogh smites you! The orc misses you.
You are too injured to fight recklessly!
You are too injured to fight recklessly!
You are too injured to fight recklessly!
You are too injured to fight recklessly!
The orc priest mumbles some strange prayers to Beogh against you.
Beogh smites you!
* * * LOW HITPOINT WARNING * * *
Unknown command.
The orc priest invokes the aid of Beogh against you.
Beogh smites you!
You die...

.#........#.# ..
.#.....(..#.# ##.##
.##.#!###.#.### #...#
......##.o....# #...#
###.####.o#...# #...###
# ... #.o##..# #......
.# .
#..#...######...####.#
#..#.#.#..)....†.....#.
#.oo.o.o.@.............
####.###.............#.
#.# ######........# #.#
#...###### #.# #...#
#.# ###...# #.#
#...#.## ..# #..###.##
### #.## ##.#


You could see an orc priest and 3 orcs.

Vanquished Creatures
  2 hounds
  An iguana (D:4)
  Terence (D:3)
  3 gnolls (D:2)
  6 adders
  An ooze (D:1)
  5 worms
  2 dart slugs
  5 leopard geckos
  15 orcs
  6 bats
  3 giant cockroaches
  7 goblins
  3 hobgoblins
  9 jackals
  3 quokkas (D:3)
  A ball python (D:2)
  8 frilled lizards
  8 kobolds
  3 rats
92 creatures vanquished.

Notes
Turn   | Place    | Note
-------+----------+-------------------------------------------
     0 | D:1      | Buxparty the Mummy Gladiator began the quest for the Orb.
     0 | D:1      | Reached XP level 1. HP: 16/16 MP: 1/1
   151 | D:1      | Found a sparkling altar of Nemelex Xobeh.
   519 | D:1      | Reached XP level 2. HP: 22/22 MP: 2/2
   957 | D:2      | Found a white marble altar of Elyvilon.
  1012 | D:2      | Reached XP level 3. HP: 14/27 MP: 3/3
  1313 | D:2      | Reached XP level 4. HP: 25/33 MP: 4/4
  1658 | D:2      | Found a sacrificial altar of Ru.
  2386 | D:3      | Found a transporter.
  2386 | D:3      | Noticed roastedseaweed's ghost (amateur MfIE)
  2630 | D:3      | Reached XP level 5. HP: 39/39 MP: 5/5
  2650 | D:3      | Noticed Terence
  2693 | D:3      | Killed Terence
  3157 | D:3      | Found a transporter.
  3523 | D:3      | Reached skill level 1 in Short Blades
  4062 | D:4      | Reached XP level 6. HP: 26/47 MP: 6/6
  4515 | D:4      | Killed from afar by an orc priest

Levels and vault maps discovered:
D:1:      minmay_arrival_four_loops, layout_basic, nemelex_diamond_rough_becter
D:2:      kennysheep_big_flooded_room, layout_rooms,
          nicolae_overflow_hidden_temple, general_overflow_altar,
          hangedman_glass_garden, kennysheep_doodads, kennysheep_generic_room_7
D:3:      minmay_diamond_boxcup, layout_basic, gammafunk_ghost_mausoleum,
          uniq_terence
D:4:      layout_loops_cross, kennysheep_mini_moat, kennysheep_little_box,
          temple_fountains

Skill      XL: |  1  2  3  4  5 |
---------------+----------------+-----
Axes           | 3 |  3.8
Dodging        | 3 |  3.6
Fighting       | 3 |  3.4
Short Blades   | 1 |  1.6
Throwing       | |  1.7
Stealth        | |  0.2

Action                   |  1- 3 |  4- 6 || total
-------------------------+-------+-------++-------
Melee: War axe           |    90 |    76 ||   166
       Short sword       |       |   243 ||   243
  Use: Scroll            |       |     1 ||     1
Armor: Robe              |    27 |    11 ||    38
       Ring mail         |       |   106 ||   106
Dodge: Dodged            |    71 |   190 ||   261
